EL
COLUMBIA FIREFLIES @ SAN ANTONIO MISSIONS
06/06/2048
 
TOP OF THE 1ST
Columbia Fireflies batting - Pitching for San Antonio Missions : RHP Nick Cunningham
Pitching: RHP Nick Cunningham
Batting: RHB Omar Novoa 0-0: Ball
1-0: Called Strike
1-1: TRIPLE (Flyball, 78XD, EV 101.2 MPH)
Batting: SHB Masatoshi Akahoshi 0-0: Ball
1-0: Ground out U3 (Groundball, 3, EV 87.5 MPH)
Batting: SHB Justin Wallace 0-0: Foul Ball, location: 2F
0-1: Foul Ball, location: 2F
0-2: Fly out, F8 (Flyball, 8RD, EV 102.5 MPH)
Runner from 3rd tags up, SCORES, no throw by CF
Batting: LHB Tony Leyba 0-0: Ball
1-0: SINGLE (Groundball, 3D, EV 105.6 MPH)
Batting: RHB Andy Carrell 0-0: Ball
1-0: Ball
2-0: SINGLE (Line Drive, 56D, EV 94.4 MPH)
Tony Leyba to second
Batting: RHB Larry Shoop 0-0: Ball
1-0: SINGLE (Line Drive, 4D, EV 107.5 MPH)
Tony Leyba to third
Andy Carrell to second
Batting: RHB Dan Muse 0-0: Swinging Strike
0-1: Ball
1-1: Ball
2-1: Swinging Strike
2-2: Ball
3-2: Strikes out swinging
Top of the 1st over - 1 run, 4 hits, 0 errors, 3 left on base; Columbia 1 - San Antonio 0
BOTTOM OF THE 1ST
San Antonio Missions batting - Pitching for Columbia Fireflies : LHP Ricardo Chavez
Pitching: LHP Ricardo Chavez
Batting: RHB Dave McBain 0-0: Called Strike
0-1: Swinging Strike
0-2: Strikes out swinging
Batting: RHB Mike Maserang 0-0: Ball
1-0: Swinging Strike
1-1: Called Strike
1-2: Foul Ball, location: 2F
1-2: Foul Ball, location: 2F
1-2: Foul Ball, location: 2F
1-2: Ball
2-2: Fly out, F2 (Popup, 2LF, EV 95.6 MPH)
Batting: RHB John Freeman 0-0: Ball
1-0: Called Strike
1-1: Ball
2-1: Foul Ball, location: 2F
2-2: Ball
3-2: Base on Balls
Batting: RHB Adrian Martinelli 0-0: Fly out, F7 (Flyball, 7LM, EV 91.2 MPH)
Bottom of the 1st over - 0 runs, 0 hits, 0 errors, 1 left on base; Columbia 1 - San Antonio 0
TOP OF THE 2ND
Columbia Fireflies batting - Pitching for San Antonio Missions : RHP Nick Cunningham
Batting: RHB Fathi Addae 0-0: Ball
1-0: Foul Ball, location: 2F
1-1: Called Strike
1-2: Strikes out swinging
Batting: RHB David Reyna 0-0: Ground out 4-3 (Groundball, 4, EV 91.2 MPH)
Batting: RHB Omar Novoa 0-0: Foul Ball, location: 2F
0-1: Ball
1-1: Foul Ball, location: 2F
1-2: Ball
2-2: Ground out 6-3 (Groundball, 6, EV 108.1 MPH)
Top of the 2nd over - 0 runs, 0 hits, 0 errors, 0 left on base; Columbia 1 - San Antonio 0
BOTTOM OF THE 2ND
San Antonio Missions batting - Pitching for Columbia Fireflies : LHP Ricardo Chavez
Batting: LHB Matt Patnaude 0-0: Ball
1-0: Fly out, F7 (Flyball, 7LM, EV 88.1 MPH)
Batting: RHB Jaden Scott 0-0: Called Strike
0-1: Ground out 2-3 (Groundball, 2R, EV 67.5 MPH)
Batting: RHB Joe Weissman 0-0: Called Strike
0-1: Ball
1-1: Swinging Strike
1-2: Strikes out swinging
Bottom of the 2nd over - 0 runs, 0 hits, 0 errors, 0 left on base; Columbia 1 - San Antonio 0
TOP OF THE 3RD
Columbia Fireflies batting - Pitching for San Antonio Missions : RHP Nick Cunningham
Batting: SHB Masatoshi Akahoshi 0-0: Ball
1-0: Foul Ball, location: 2F
1-1: Ball
2-1: Foul Ball, location: 2F
2-2: Ground out 6-3 (Groundball, 6MS, EV 91.2 MPH)
Batting: SHB Justin Wallace 0-0: Ground out 6-3 (Groundball, 4, EV 78.1 MPH)
Batting: LHB Tony Leyba 0-0: Ball
1-0: Ball
2-0: Ball
3-0: Base on Balls
Batting: RHB Andy Carrell 0-0: Ball
1-0: Ball
2-0: Foul Ball, location: 2F
2-1: Foul Ball, location: 2F
2-2: Ball
3-2: Foul Ball, location: 2F
3-2: Fly out, F9 (Flyball, 9, EV 75.0 MPH)
Top of the 3rd over - 0 runs, 0 hits, 0 errors, 1 left on base; Columbia 1 - San Antonio 0
BOTTOM OF THE 3RD
San Antonio Missions batting - Pitching for Columbia Fireflies : LHP Ricardo Chavez
Batting: RHB David Aguilar 0-0: Called Strike
0-1: Ball
1-1: Ball
2-1: Ball
3-1: Base on Balls
Batting: RHB Roberto Monzon 0-0: Foul Ball, location: 2F
0-1: Ball
1-1: Called Strike
1-2: Grounds into double play, 5-4-3 (Groundball, 56, EV 81.9 MPH)
Batting: RHB Dave McBain 0-0: Fly out, F8 (Flyball, 78M, EV 98.1 MPH)
Bottom of the 3rd over - 0 runs, 0 hits, 0 errors, 0 left on base; Columbia 1 - San Antonio 0
TOP OF THE 4TH
Columbia Fireflies batting - Pitching for San Antonio Missions : RHP Nick Cunningham
Batting: RHB Larry Shoop 0-0: Foul Ball, location: 2F
0-1: Ball
1-1: Ball
2-1: Ball
3-1: Base on Balls
Batting: RHB Dan Muse 0-0: Called Strike
0-1: Grounds into double play, 6-4-3 (Groundball, 6, EV 83.1 MPH)
Batting: RHB Fathi Addae 0-0: Ground out 6-3 (Groundball, 6, EV 86.2 MPH)
Top of the 4th over - 0 runs, 0 hits, 0 errors, 0 left on base; Columbia 1 - San Antonio 0
BOTTOM OF THE 4TH
San Antonio Missions batting - Pitching for Columbia Fireflies : LHP Ricardo Chavez
Batting: RHB Mike Maserang 0-0: Ground out 4-3 (Groundball, 34, EV 95.6 MPH)
Batting: RHB John Freeman 0-0: Foul Ball, location: 2F
0-1: Fly out, F9 (Flyball, 9LSF, EV 86.2 MPH)
Batting: RHB Adrian Martinelli 0-0: Ball
1-0: Foul Ball, location: 2F
1-1: Ball
2-1: Ball
3-1: Fly out, F3 (Popup, 3SF, EV 85.0 MPH)
Bottom of the 4th over - 0 runs, 0 hits, 0 errors, 0 left on base; Columbia 1 - San Antonio 0
TOP OF THE 5TH
Columbia Fireflies batting - Pitching for San Antonio Missions : RHP Nick Cunningham
Batting: RHB David Reyna 0-0: Ground out 1-3 (Groundball, 15S, EV 76.2 MPH)
Batting: RHB Omar Novoa 0-0: Ball
1-0: Called Strike
1-1: Foul Ball, location: 2F
1-2: Foul Ball, location: 2F
1-2: SINGLE (Groundball, 56D, EV 100.0 MPH)
Batting: SHB Masatoshi Akahoshi 0-0: Ball
1-0: Called Strike
1-1: Ball
2-1: Foul Ball, location: 2F
2-2: Fielders Choice at 2nd, 6-4 (Groundball, 6M, EV 85.6 MPH)
Batting: SHB Justin Wallace 0-0: Fly out, F8 (Flyball, 78D, EV 75.0 MPH)
Top of the 5th over - 0 runs, 1 hit, 0 errors, 1 left on base; Columbia 1 - San Antonio 0
BOTTOM OF THE 5TH
San Antonio Missions batting - Pitching for Columbia Fireflies : LHP Ricardo Chavez
Batting: LHB Matt Patnaude 0-0: Swinging Strike
0-1: Ball
1-1: Foul Ball, location: 2F
1-2: Ground out 4-3 (Groundball, 34, EV 90.0 MPH)
Batting: RHB Jaden Scott 0-0: Called Strike
0-1: Swinging Strike
0-2: Ball
1-2: Strikes out swinging, 2-3 out at first.
Batting: RHB Joe Weissman 0-0: Called Strike
0-1: Ground out 4-3 (Groundball, 4, EV 88.8 MPH)
Bottom of the 5th over - 0 runs, 0 hits, 0 errors, 0 left on base; Columbia 1 - San Antonio 0
TOP OF THE 6TH
Columbia Fireflies batting - Pitching for San Antonio Missions : RHP Nick Cunningham
Batting: LHB Tony Leyba 0-0: Foul Ball, location: 2F
0-1: Foul Ball, location: 2F
0-2: Ball
1-2: Ball
2-2: SINGLE (Groundball, 4MD, EV 100.6 MPH)
Batting: RHB Andy Carrell 0-0: Called Strike
0-1: Ball
1-1: Fielders Choice at 2nd, 3-6 (Groundball, 23, EV 88.1 MPH)
Batting: RHB Larry Shoop 0-0: Fly out, F9 (Flyball, 89D, EV 90.0 MPH)
Batting: RHB Dan Muse 0-0: Swinging Strike
0-1: Ball
1-1: Called Strike
1-2: Ball
2-2: DOUBLE (Line Drive, 7LM, EV 92.5 MPH)
Andy Carrell to third
Runner from 3rd tries for Home, throw by LF and OUT! 7-6-2
Top of the 6th over - 0 runs, 2 hits, 0 errors, 1 left on base; Columbia 1 - San Antonio 0
BOTTOM OF THE 6TH
San Antonio Missions batting - Pitching for Columbia Fireflies : LHP Ricardo Chavez
Batting: RHB David Aguilar 0-0: Called Strike
0-1: Ball
1-1: Ball
2-1: Called Strike
2-2: Strikes out swinging
Batting: RHB Roberto Monzon 0-0: Foul Ball, location: 2F
0-1: Foul Ball, location: 2F
0-2: Strikes out swinging
Batting: RHB Dave McBain 0-0: Ball
1-0: Fly out, F8 (Flyball, 8RM, EV 87.5 MPH)
Bottom of the 6th over - 0 runs, 0 hits, 0 errors, 0 left on base; Columbia 1 - San Antonio 0
TOP OF THE 7TH
Columbia Fireflies batting - Pitching for San Antonio Missions : RHP Nick Cunningham
Batting: RHB Fathi Addae 0-0: Ball
1-0: Foul Ball, location: 2F
1-1: Called Strike
1-2: Fly out, F9 (Flyball, 9LS, EV 96.2 MPH)
Batting: RHB David Reyna 0-0: Called Strike
0-1: Foul Ball, location: 2F
0-2: Ground out 6-3 (Groundball, 6S, EV 65.0 MPH)
Batting: RHB Omar Novoa 0-0: Called Strike
0-1: Foul Ball, location: 2F
0-2: Strikes out swinging
Top of the 7th over - 0 runs, 0 hits, 0 errors, 0 left on base; Columbia 1 - San Antonio 0
BOTTOM OF THE 7TH
San Antonio Missions batting - Pitching for Columbia Fireflies : LHP Ricardo Chavez
Batting: RHB Mike Maserang 0-0: Called Strike
0-1: Foul Ball, location: 2F
0-2: Ball
1-2: Strikes out swinging
Batting: RHB John Freeman 0-0: Foul Ball, location: 2F
0-1: Called Strike
0-2: Ball
1-2: Ball
2-2: Foul Ball, location: 2F
2-2: Strikes out swinging
Batting: RHB Adrian Martinelli 0-0: Ground out 5-3 (Groundball, 5, EV 107.5 MPH)
Bottom of the 7th over - 0 runs, 0 hits, 0 errors, 0 left on base; Columbia 1 - San Antonio 0
TOP OF THE 8TH
Columbia Fireflies batting - Pitching for San Antonio Missions : RHP Nick Cunningham
Batting: SHB Masatoshi Akahoshi 0-0: Called Strike
0-1: SINGLE (Flyball, 7LS, EV 94.4 MPH)
Batting: SHB Justin Wallace 0-0: Called Strike
0-1: Ball
1-1: Foul Ball, location: 2F
1-2: Hit by Pitch
Masatoshi Akahoshi to second
Pitching: RHP Colin Dorsey
Batting: LHB Tony Leyba 0-0: Ball
1-0: Fielders Choice at 2nd, 1-6 (Groundball, 13S, EV 67.5 MPH)
Masatoshi Akahoshi to third
Batting: RHB Andy Carrell 0-0: Called Strike
0-1: Foul Ball, location: 2F
0-2: Strikes out swinging
Batting: RHB Larry Shoop 0-0: Fly out, F7 (Flyball, 7D, EV 102.5 MPH)
Top of the 8th over - 0 runs, 1 hit, 0 errors, 2 left on base; Columbia 1 - San Antonio 0
BOTTOM OF THE 8TH
San Antonio Missions batting - Pitching for Columbia Fireflies : LHP Ricardo Chavez
Pinch Hitting: RHB Cesar Ortega 0-0: Called Strike
0-1: Ball
1-1: Ball
2-1: Called Strike
2-2: Ball
3-2: Base on Balls
Batting: RHB Jaden Scott 0-0: Ball
1-0: Called Strike
1-1: Called Strike
1-2: Foul Ball, location: 2F
1-2: Strikes out swinging
Batting: RHB Joe Weissman 0-0: Ball
1-0: Fielders Choice at 2nd, 1-6 (Groundball, 34S, EV 66.9 MPH)
Batting: RHB David Aguilar 0-0: Ball
1-0: Ground out 4-3 (Groundball, 4, EV 99.4 MPH)
Bottom of the 8th over - 0 runs, 0 hits, 0 errors, 1 left on base; Columbia 1 - San Antonio 0
TOP OF THE 9TH
Columbia Fireflies batting - Pitching for San Antonio Missions : RHP Colin Dorsey
Pitching: RHP Tony Delgado
Now in LF: Freddie Brown
Now in RF: David Aguilar
Batting: RHB Dan Muse 0-0: Called Strike
0-1: Foul Ball, location: 2F
0-2: Ball
1-2: Foul Ball, location: 2F
1-2: Ball
2-2: Ball
3-2: Strikes out swinging
Batting: RHB Fathi Addae 0-0: Ball
1-0: Ball
2-0: Ball
3-0: Called Strike
3-1: Fly out, F4 (Popup, 4S, EV 76.2 MPH)
Batting: RHB David Reyna 0-0: Called Strike
0-1: Ball
1-1: Swinging Strike
1-2: Foul Ball, location: 2F
1-2: Strikes out swinging
Top of the 9th over - 0 runs, 0 hits, 0 errors, 0 left on base; Columbia 1 - San Antonio 0
BOTTOM OF THE 9TH
San Antonio Missions batting - Pitching for Columbia Fireflies : LHP Ricardo Chavez
Now in LF: Elias Urbina
Batting: RHB Roberto Monzon 0-0: Ball
1-0: Fly out, F9 (Flyball, 89M, EV 76.2 MPH)
Batting: RHB Dave McBain 0-0: Ball
1-0: Ball
2-0: Called Strike
2-1: Ground out 6-3 (Groundball, 6, EV 86.2 MPH)
Batting: RHB Mike Maserang 0-0: Ball
1-0: Called Strike
1-1: Ball
2-1: SINGLE (Groundball, 6S, EV 61.9 MPH) (infield hit)
Batting: RHB John Freeman 0-0: Fly out, F6 (Popup, 6M, EV 73.8 MPH)
Bottom of the 9th over - 0 runs, 1 hit, 0 errors, 1 left on base; Columbia 1 - San Antonio 0
Tuesday, March 28th , 2023 - OOTP Baseball 23.10 Build 110